 Dungeon Crawl Stone Soup version 0.20-a0-45-gb3e417c (webtiles) character file.

122 Karnivor the Digger (level 5, -5/28 HPs)
             Began as a Gargoyle Earth Elementalist on Nov 13, 2016.
             Killed by divine providence
             ... invoked by an orc priest
              (11 damage)
             ... on level 3 of the Dungeon.
             The game lasted 00:09:35 (3980 turns).

Karnivor the Digger (Gargoyle Earth Elementalist)   Turns: 3980, Time: 00:09:37

Health: -5/28      AC:  8    Str: 11    XL:     5   Next: 6%
Magic:  9/9        EV: 12    Int: 17    God:
Gold:   175        SH:  0    Dex: 10    Spells: 2 memorised, 6 levels left

rFire  . . .     SeeInvis +     b - 136 stones
rCold  . . .     Gourm    .     c - +0 robe
rNeg   + . .     Faith    .     (no shield)
rPois  ∞         Spirit   .     (no helmet)
rElec  +         Reflect  .     i - +1 cloak
rCorr  .         Harm     .     (no gloves)
MR     .....                    (no boots)
Stlth  ++........               (no amulet)
                                (no ring)
                                f - ring of see invisible

@: no status effects
A: negative energy resistance 1, electricity resistance, unbreathing,
petrification resistance, rot immunity, AC +4
a: no special abilities


You were on level 3 of the Dungeon.
You were hungry.

You visited 1 branch of the dungeon, and saw 3 of its levels.

You collected 175 gold pieces.

Inventory:

Hand Weapons
 a - a +0 flail
Missiles
 b - 136 stones (in hand)
Armour
 c - a +0 robe (worn)
 i - a +1 cloak (worn)
Jewellery
 f - a ring of see invisible (left hand)
Scrolls
 g - a scroll of enchant weapon {unknown}
 l - a scroll of fog
 s - 2 scrolls of amnesia
Potions
 h - a potion of brilliance {unknown}
 m - a potion of haste
 n - a potion of heal wounds {unknown}
 o - a potion of resistance {unknown}
 p - a potion of flight {unknown}
 q - a potion of curing {unknown}
Books
 e - a book of Geomancy

   Spells                             Type                      Level
   a - Sandblast                      Earth                        1
   b - Passwall                       Transmutation/Earth          2
   c - Stone Arrow                    Conjuration/Earth            3
   d - Petrify                        Transmutation/Earth          4
   e - Lee's Rapid Deconstruction     Earth                        5
Comestibles
 d - 4 bread rations
 j - 3 chunks of flesh
 k - 3 meat rations


   Skills:
 - Level 1.5 Dodging
 - Level 2.1 Stealth
 + Level 3.1 Spellcasting
 + Level 2.2 Conjurations
   Level 0.7 Transmutations
 + Level 5.1 Earth Magic


You had 6 spell levels left.
You knew the following spells:

 Your Spells              Type           Power        Failure   Level  Hunger
a - Sandblast             Erth           ###...       2%          1    None
b - Stone Arrow           Conj/Erth      ###...       14%         3    ###....


Dungeon Overview and Level Annotations

Branches:
Dungeon (3/15)

Altars:


Innate Abilities, Weirdness & Mutations

You are resistant to torment.
Your stone body is resilient. (AC +4)
You are immune to poison.
You resist negative energy. (rN+)
You are resistant to electric shocks. (rElec)
You can survive without breathing.
You are immune to petrification.
You are immune to rotting.


Message History

The orc barely misses you.
The orc wizard hits you but does no damage.
A giant cockroach comes into view.
You bump into the rock wall.
The orc priest hits you but does no damage.
The orc barely misses you. The orc wizard closely misses you.
You barely miss the orc wizard.
You feel less confused. The jackal closely misses you.
The orc wizard mumbles some strange words.
The orc wizard flickers and vanishes for a moment.
The orc priest hits you with a war axe! The orc closely misses you.
Wield which item (- for none, * to show all)? (? for menu, Esc to quit)
b - 136 stones (in hand)
The jackal barely misses you. The orc wizard closely misses you.
The orc hits you with a club.
* * * LOW HITPOINT WARNING * * *
The orc priest invokes the aid of Beogh against you.
Beogh smites you!
You die...

###.#
........#
#.......#
#.......#
#.......#
..s....#
.hh.. # #oh#
###. #@o#
.....###o.#
....(...).#
.##..##...#
#. #.###
#..##.##
#..#...###.#
#....#.....#
....#...#####


You could see an orc priest, an orc wizard (invisible), an orc, 3 jackals and a
giant cockroach.

Vanquished Creatures
  A hound skeleton (D:2)
  A gnoll (D:1)
  3 adders (D:2)
  3 leopard geckos (D:1)
  2 orcs (D:3)
  10 bats
  2 giant cockroaches
  5 goblins
  5 hobgoblins
  13 jackals
  3 frilled lizards
  7 kobolds
  10 rats
65 creatures vanquished.

Notes
Turn   | Place    | Note
-------+----------+-------------------------------------------
     0 | D:1      | Karnivor the Gargoyle Earth Elementalist began the quest for the Orb.
     0 | D:1      | Reached XP level 1. HP: 10/10 MP: 3/3
   254 | D:1      | Reached XP level 2. HP: 15/15 MP: 1/5
   315 | D:1      | Reached skill level 4 in Earth Magic
  1225 | D:1      | Reached XP level 3. HP: 19/19 MP: 6/6
  1230 | D:1      | Learned a level 3 spell: Stone Arrow
  1923 | D:1      | Reached skill level 1 in Conjurations
  2527 | D:2      | Reached XP level 4. HP: 18/24 MP: 8/8
  3527 | D:2      | Reached skill level 5 in Earth Magic
  3857 | D:3      | Reached XP level 5. HP: 26/28 MP: 9/9
  3980 | D:3      | Killed from afar by an orc priest

Vault maps used:
D:1:      dpeg_arrival_circle_labyrinth_a, minmay_statues_item
D:2:      first_bread
D:3:      kennysheep_generic_room_13

Skill      XL: |  1  2  3  4 |
---------------+-------------+-----
Earth Magic    | 4 5 |  5.1
Conjurations   | 1 2 |  2.2
Spellcasting   | 3 |  3.1
Dodging        | |  1.5
Stealth        | |  2.1
Transmutations | |  0.7

Action                   |  1- 3 |  4- 6 || total
-------------------------+-------+-------++-------
Melee: Unarmed           |   117 |       ||   117
       Short sword       |    26 |   118 ||   144
       Flail             |       |    41 ||    41
 Cast: Sandblast         |    46 |     1 ||    47
  Use: Scroll            |     3 |     4 ||     7
 Stab: Sleeping          |     1 |     1 ||     2
  Eat: Chunk             |     5 |     5 ||    10
Armor: Robe              |    60 |   107 ||   167
Dodge: Dodged            |   138 |   176 ||   314
